 Dungeon Crawl Stone Soup version 0.30.0 (webtiles) character file.

Game seed: 15686624080194996108

603 Ubbricas the Cutter (level 7, 0/37 HPs)
             Began as a Vine Stalker Fighter on May 18, 2023.
             Slain by a steam dragon (3 damage)
             ... on level 6 of the Dungeon.
             The game lasted 00:06:37 (3460 turns).

Ubbricas the Cutter (Vine Stalker Fighter)          Turns: 3460, Time: 00:06:38

Health: 0/37       AC:  8    Str: 20    XL:     7   Next: 42%
Magic:  0/8        EV:  9    Int:  8    God:
Gold:   273        SH:  5    Dex: 14    Spells: 6/6 levels left

rFire   . . .        a - +0 rapier
rCold   . . .        c - +0 buckler
rNeg    . . .        b - +0 scale mail
rPois   .            (no helmet)
rElec   .            w - scarf {+Inv}
rCorr   .            o - +0 pair of gloves
SInv    .            (no boots)
Will    +....        (no amulet) Stlth
                     m - ring of willpower
HPRegen 1.06/turn    (no ring)
MPRegen 0.11/turn

%: guardian spirit
@: no status effects
A: fangs 2, regeneration 1, magic shield, antimagic bite, no potion heal 2
a: Evoke Invisibility


You were on level 6 of the Dungeon.
You visited 1 branch of the dungeon, and saw 6 of its levels.

You collected 273 gold pieces.

Inventory:

Hand Weapons
 a - a +0 rapier (weapon)
Missiles
 v - a boomerang (quivered)
 z - a throwing net
Armour
 b - a +0 scale mail (worn)
 c - a +0 buckler (worn)
 o - a +0 pair of gloves (worn)
 w - a scarf of invisibility (worn)
 x - a +0 leather armour of cold resistance
Jewellery
 m - a ring of willpower (left hand)
Scrolls
 e - a scroll of amnesia
 g - 2 scrolls of immolation
 t - a scroll of poison
 u - a scroll of vulnerability
 y - a scroll of enchant weapon {unknown}
 A - a scroll of enchant armour {unknown}
Potions
 d - a potion of might
 f - 2 potions of haste {unknown}
 i - a potion of brilliance {unknown}
 j - 2 potions of cancellation {unknown}
 k - a potion of mutation {unknown}
 l - a potion of invisibility {unknown}
 n - 5 potions of curing {unknown}
 p - 3 potions of heal wounds
 q - a potion of magic {unknown}
 r - a potion of attraction {unknown}
 s - a potion of flight {unknown}


   Skills:
 + Level 3.8 Fighting
 * Level 5.4 Short Blades
 + Level 3.4 Armour
 + Level 3.9 Shields


You had 6 spell levels left.
You didn't know any spells.
Your spell library contained the following spells:

 Spells                   Type           Power      Damage    Failure   Level
 Magic Dart               Conj           0%         1d3       83%         1
 Scorch                   Fire           0%         2d5       92%         2
 Searing Ray              Conj           0%         2d4       92%         2
 Flame Wave               Conj/Fire      0%         2d4       100%        4
 Fulminant Prism          Conj/Hex       0%         3d5       100%        4
 Summon Cactus Giant      Summ           0%         N/A       100%        6
 Borgnjor's Revivificati  Necr           0%         N/A       100%        8
 Necromutation            Tmut/Necr      0%         N/A       100%        8
 Death's Door             Necr           0%         N/A       100%        9


Dungeon Overview and Level Annotations

Branches:
Dungeon (6/15)
 Temple: D:4-7

Altars:
Ashenzari
Hepliaklqana
Ru
Trog

Annotations:
D:3 3 runed translucent doors, JaredAshtonScott's ghost, weakling DgFE
D:5 Edmund


Innate Abilities, Weirdness & Mutations

You have extremely sharp teeth.
Your natural rate of healing is unusually fast.
When hurt, damage is shared between your health and your magic reserves.
Your bite disrupts and absorbs the magic of your enemies.
Potions cannot restore your health.


Message History

As you read the scroll labelled HOQAM HOGOVEESM, it crumbles to dust.
It is a scroll of amnesia.
You feel forgetful for a moment.
The steam dragon bites you but does no damage.
The steam dragon claws you.
* * * LOW HITPOINT WARNING * * *
Unknown command.
You hit the steam dragon but do no damage.
The steam dragon breathes steam at you. The ball of steam misses you.
Unknown command.
The steam dragon attacks as you move away!
You block the steam dragon's attack. The steam dragon claws you.
* * * LOW HITPOINT WARNING * * *
You puncture the steam dragon! Your bite misses the steam dragon.
The steam dragon is moderately wounded.
The steam dragon closely misses you. x2
Unknown command.
The steam dragon bites you.
* * * LOW HITPOINT WARNING * * *
The steam dragon closely misses you.
Unknown command.
As you read the scroll of fog, it crumbles to dust.
The scroll dissolves into smoke.
The steam dragon bites you but does no damage.
The steam dragon barely misses you.
Unknown command.
You hit the steam dragon but do no damage.
The steam dragon is moderately wounded.
You block the steam dragon's attack. The steam dragon claws you.
* * * LOW HITPOINT WARNING * * *
Unknown command.
You hit the steam dragon. Your bite misses the steam dragon.
The steam dragon is heavily wounded.
The steam dragon closely misses you. The steam dragon claws you.
* * * LOW HITPOINT WARNING * * *
You hit the steam dragon.
The steam dragon is heavily wounded.
You block the steam dragon's attack. The steam dragon claws you.
You die...

...##+#.. .......
......# .....# # ##....#
#. #.....# ####.##§§§.§#
# ##......§§§D§..# #
.........#§@§§.§# ##
.........#§§§§§.# .#
#.##.##....#§§§§..#
.###.##.##.......#######
>.......................
...####.##..#.##.#######
.#......................
..########..####.#######
..# ##........#


You could see a steam dragon.

Vanquished Creatures
  A black bear (D:4)
  A centaur (D:6)
  A bullfrog (D:6)
  2 scorpions
  A hound (D:5)
  A sleepcap (D:4)
  2 iguanas
  A gnoll (D:3)
  6 adders
  2 worms
  A dart slug (D:1)
  8 orcs
  6 endoplasms
  3 giant cockroaches
  12 goblins
  8 hobgoblins
  7 ball pythons
  5 bats
  5 frilled lizards
  4 kobolds
  4 rats
81 creatures vanquished.

Notes
Turn   | Place    | Note
-------+----------+-------------------------------------------
     0 | D:1      | Ubbricas the Vine Stalker Fighter began the quest for the
                  | Orb.
     0 | D:1      | Reached XP level 1. HP: 11/11 MP: 2/2
    22 | D:1      | Reached skill level 2 in Short Blades
    91 | D:1      | Reached XP level 2. HP: 16/16 MP: 3/3
   348 | D:1      | Reached skill level 3 in Short Blades
   604 | D:2      | You fall into a shaft and drop 2 floors!
   682 | D:3      | Found a bloodstained altar of Trog.
   702 | D:3      | Reached XP level 3. HP: 19/19 MP: 4/4
   798 | D:3      | Found a large runed translucent door.
   799 | D:3      | Found a large runed translucent door.
   887 | D:3      | Found a runed translucent gate.
   887 | D:3      | Found a runed translucent gate.
   887 | D:3      | Found a runed translucent gate.
   888 | D:3      | Noticed JaredAshtonScott's ghost (weakling DgFE)
   982 | D:2      | Gained mutation: Your natural rate of healing is unusually
                  | fast. [Vine Stalker growth]
   982 | D:2      | Reached XP level 4. HP: 23/23 MP: 5/5
  1395 | D:2      | Reached skill level 4 in Short Blades
  2073 | D:3      | Found a hazy altar of Hepliaklqana.
  2090 | D:3      | Found a sacrificial altar of Ru.
  2374 | D:4      | Reached XP level 5. HP: 21/28 MP: 2/6
  2704 | D:4      | Noticed a black bear
  2730 | D:4      | Killed a black bear
  2731 | D:4      | Reached XP level 6. HP: 14/32 MP: 4/7
  3074 | D:5      | Entered Level 5 of the Dungeon
  3269 | D:5      | Noticed Edmund
  3294 | D:6      | Reached skill level 5 in Short Blades
  3294 | D:6      | Reached XP level 7. HP: 30/36 MP: 4/8
  3336 | D:6      | Found a broken altar of Ashenzari.
  3444 | D:6      | Noticed a steam dragon
  3460 | D:6      | Slain by a steam dragon

Illustrated notes

Levels and vault maps discovered:
D:1:      minmay_arrival_stone_box, layout_basic
D:2:      layout_basic, corexii_leaking_fountain
D:3:      layout_loops_ring, jmf_multi_god_temple2, trog_antimagical,
          gammafunk_ghost_split
D:4:      layout_basic
D:5:      layout_basic, minmay_temple_entry_mist, st_stairs_11, minivault_1,
          uniq_crazy_yiuf_cottage, uniq_edmund
D:6:      layout_basic, mainiacjoe_overflow_alcove_4, lemuel_doored_altar,
          nicolae_ashenzari_skybound, mainiacjoe_overflow_24_doors, uniq_pikel,
          uniq_eustachio, uniq_grinder

Skill      XL: |  1  2  3  4  5  6 |
---------------+-------------------+-----
Short Blades   | 2 3 4 5 |  5.4
Fighting       | 3 |  3.8
Shields        | 3 |  3.9
Armour         | 3 |  3.4

Action                     |  1- 3 |  4- 6 |  7- 9 || total
---------------------------+-------+-------+-------++-------
  Melee: Rapier            |    97 |   157 |    29 ||   283
         Bite              |    23 |    46 |     7 ||    76
    Use: Scroll            |       |     5 |     2 ||     7
 Armour: Scale mail        |    44 |    74 |    14 ||   132
  Dodge: Dodged            |    38 |    57 |    11 ||   106
  Block: Buckler           |    14 |    50 |     8 ||    72
